 Dungeon Crawl Stone Soup version 0.28.0-1-gb440e238dd (webtiles) character file.

Game seed: 11039266072714887001

7 Golzeb the Ruffian (level 2, -3/25 HPs)
             Began as a Naga Transmuter on Feb 20, 2022.
             Slain by Terence (8 damage)
             ... on level 2 of the Dungeon.
             The game lasted 00:01:29 (799 turns).

Golzeb the Ruffian (Naga Transmuter)                 Turns: 799, Time: 00:01:30

Health: -3/25      AC:  1    Str: 12    XL:     2   Next: 0%
Magic:  4/5        EV: 10    Int: 13    God:
Gold:   13         SH:  0    Dex: 11    Spells: 4/5 levels left

rFire   . . .      SeeInvis +     - Unarmed
rCold   . . .      Faith    .   (no shield)
rNeg    . . .      Spirit   .   a - +0 robe
rPois   +          Reflect  .   (helmet currently unavailable)
rElec   .          Harm     .   (no cloak)
rCorr   .          Rampage  .   (no gloves)
Will    .....                   (no barding)
Stlth   +.........              (no amulet)
HPRegen 0.08/turn               (no ring)
MPRegen 0.09/turn               (no ring)

@: appendages (expiring), very slow
A: horns 2, AC +0, large, see invisible, deformed body, poison resistance,
slowness 2, spit poison 1, naga tail 1
a: Spit Poison, End Transformation


You were on level 2 of the Dungeon.
You had temporarily grown beastly horns.
You visited 1 branch of the dungeon, and saw 2 of its levels.

You collected 13 gold pieces.

Inventory:

Armour
 a - a +0 robe (worn)
Scrolls
 b - 2 scrolls of identify {unknown}


   Skills:
 - Level 1.1 Fighting
 + Level 1.7 Dodging
 * Level 3.1 Unarmed Combat
 - Level 2.0 Spellcasting
 + Level 2.1 Transmutations


You had 4 spell levels left.
You knew the following spells:

 Your Spells              Type           Power      Damage    Failure   Level
a - Beastly Appendage     Tmut           12%        N/A       11%         1

Your spell library contained the following spells:

 Spells                   Type           Power      Damage    Failure   Level
 Wereblood                Tmut           6%         N/A       16%         2
 Spider Form              Tmut/Pois      4%         N/A       43%         3
 Ice Form                 Ice/Tmut       4%         N/A       85%         4


Dungeon Overview and Level Annotations

Branches:
Dungeon (2/15)

Altars:

Annotations:
D:2 Terence


Innate Abilities, Weirdness & Mutations

You have temporarily grown beastly horns.
Your serpentine skin is tough. (AC +0)
You have supernaturally acute eyesight. (SInv)
Armour fits poorly on your strangely shaped body.
Your system is resistant to poisons. (rPois)
You cover ground very slowly.
You can spit poison.
You have a snake-like lower body.


Message History

An endoplasm is nearby!
The endoplasm quivers.
The endoplasm barely misses you.
You barely miss the endoplasm. You headbutt the endoplasm.
The endoplasm is almost dead.
The endoplasm freezes you.
You are frozen.
You hit the endoplasm.
You kill the endoplasm!
You have reached level 2!
You start resting.
Your horns disappear.
HP restored.
You start resting.
Magic restored.
You start waiting.
Terence the Incautious comes into view.
He is wielding a +0 flail.
Found a trident.
Terence shouts!
A giant cockroach comes into view.
Terence hits you with a +0 flail.
Casting: Beastly Appendage (safe; 11% risk of failure)
Confirm with . or Enter, or press ? or * to list all spells.
You grow a pair of large bovine horns.
Terence hits you with a +0 flail.
You punch Terence! You headbutt Terence, but do no damage.
Terence is moderately wounded.
You barely miss Terence.
Terence is moderately wounded.
Terence hits you with a +0 flail.
You barely miss Terence.
Terence is moderately wounded.
Terence hits you with a +0 flail.
You hit Terence but do no damage. Your headbutt misses Terence.
Terence is moderately wounded.
Terence hits you with a +0 flail.
* * * LOW HITPOINT WARNING * * *
The giant cockroach closely misses you.
Your transformation is almost over.
Terence hits you with a +0 flail!
You die...

....... #.#.# ..)....
#.... ....... #.#.#
....... #.#.# .......
#.#.# .......
#.#.#####.......
#.#....@@B...#
#.....###....#
##.###.# #.#.#
######...##.# .#.##
#......#.#... ..<..
#.####..###..# #.#..#
#.###.#..#..#........
#.#..###...###... #.#
#..#..#..#..#..# #.#
#


You could see Terence and a giant cockroach.

Vanquished Creatures
  An endoplasm (D:2)
  A goblin (D:2)
  A hobgoblin (D:2)
  A ball python (D:2)
  2 kobolds (D:2)
6 creatures vanquished.

Notes
Turn   | Place    | Note
-------+----------+-------------------------------------------
     0 | D:1      | Golzeb the Naga Transmuter began the quest for the Orb.
     0 | D:1      | Reached XP level 1. HP: 18/18 MP: 3/3
    84 | D:1      | You fall into a shaft and drop 1 floor!
   666 | D:2      | Reached XP level 2. HP: 24/25 MP: 3/5
   788 | D:2      | Noticed Terence
   799 | D:2      | Slain by Terence

Illustrated notes

Levels and vault maps discovered:
D:1:      lemuel_arrival_river_bridge, layout_rooms,
          shapermc_ecumenical_altar_mp_urbaneastern
D:2:      layout_loops_ring, minmay_misc_feat_tiny, kennysheep_doodads,
          uniq_terence

Action                   || total
-------------------------++-------
Melee: Unarmed           ||    21
       Headbutt          ||     3
 Cast: Beastly Appendage ||     4
Armor: Robe              ||     2
Dodge: Dodged            ||     6
